 Dungeon Crawl Stone Soup version 0.30.1-11-g7821555f0a (webtiles) character file.

Game seed: 7537515449936063094

4309 MrIGI the Grappler (level 10, -3/96 HPs)
             Began as a Troll Fighter on Dec 18, 2023.
             Was a Believer of Wu Jian.
             Slain by a +2 spectral quarterstaff (9 damage)
             ... created by Joseph
             ... on level 8 of the Dungeon.
             The game lasted 00:21:01 (6973 turns).

MrIGI the Grappler (Troll Fighter)                  Turns: 6973, Time: 00:21:03

Health: -3/96      AC:  8    Str: 30    XL:     10   Next: 11%
Magic:  9/9        EV: 10    Int:  4    God:    Wu Jian [**....]
Gold:   391        SH:  0    Dex:  9    Spells: 9/9 levels left

rFire   + .          .
                       - Unarmed
rCold   + . .        b - +0 kite shield
rNeg    . . .        a - +0 robe
rPois   .            (helmet restricted)
rElec   .            o - scarf {rC+ rF+}
rCorr   .            (gloves unavailable)
SInv    .            (boots unavailable)
Will    .....        x - amulet of regeneration
Stlth   +            D - +4 ring of protection
HPRegen 1.96/turn    m - ring of flight
MPRegen 0.11/turn

%: no passive effects
@: confused, flying
A: large, unfitting armour, claws 3, regeneration 1, shaggy fur 1, tough skin 1
a: Renounce Religion, Wall Jump


You were on level 8 of the Dungeon.
You worshipped Wu Jian.
Wu Jian was pleased with you.
You visited 2 branches of the dungeon, and saw 10 of its levels.

You collected 391 gold pieces.

Inventory:

Hand Weapons
 z - a +3 battleaxe of flaming
Missiles
 r - 2 throwing nets (quivered)
 A - 10 poisoned darts
 F - 3 atropa-tipped darts
 I - 4 javelins
Armour
 a - a +0 robe (worn)
 b - a +0 kite shield (worn)
 o - a scarf of resistance (worn)
 E - a +1 cloak
 O - a +0 helmet
 P - a +0 kite shield
Jewellery
 i - an amulet of magic regeneration
 m - a ring of flight (right claw)
 n - an amulet of guardian spirit
 x - an amulet of regeneration (around neck)
 D - a +4 ring of protection (left claw)
Wands
 B - a wand of charming (12)
 J - a wand of roots (11)
 K - a wand of quicksilver (7)
Scrolls
 d - 2 scrolls of vulnerability
 g - 4 scrolls of teleportation
 l - 2 scrolls of enchant weapon
 p - a scroll of fear
 q - 4 scrolls of amnesia
 t - a scroll of blinking {unknown}
 v - 4 scrolls of magic mapping
 w - a scroll of noise {unknown}
 y - 4 scrolls of enchant armour
 G - 2 scrolls of fog {unknown}
 H - 2 scrolls of immolation {unknown}
 M - a scroll of identify
Potions
 c - a potion of might
 e - a potion of mutation {unknown}
 f - 4 potions of attraction {unknown}
 h - a potion of flight {unknown}
 j - 3 potions of degeneration {unknown}
 k - 3 potions of brilliance {unknown}
 s - 6 potions of heal wounds {unknown}
 u - 5 potions of curing {unknown}
 C - a potion of lignification {unknown}
 L - a potion of magic {unknown}
Miscellaneous
 N - a condenser vane


   Skills:
 + Level 5.5 Fighting
 + Level 4.2 Throwing
 + Level 5.4 Dodging
 + Level 7.2 Shields
 * Level 8.6 Unarmed Combat
 + Level 0.6 Evocations


You had 9 spell levels left.
You didn't know any spells.
Your spell library contained the following spells:

 Spells                   Type           Power      Damage    Failure   Level
 Ensorcelled Hibernation  Hex/Ice        0%         N/A       82%         2
 Passwall                 Tmut/Erth      0%         N/A       82%         2
 Inner Flame              Hex/Fire       0%         N/A       96%         3
 Swiftness                Air            0%         N/A       96%         3
 Flame Wave               Conj/Fire      0%         2d4       100%        4
 Sticky Flame             Conj/Fire      0%         2d3       100%        4
 Summon Forest            Summ/Tloc      0%         N/A       100%        5
 Eringya's Noxious Bog    Tmut/Pois      0%         N/A       100%        6
 Summon Hydra             Summ           0%         N/A       100%        7


Dungeon Overview and Level Annotations

Branches:
Dungeon (9/15)             Temple (1/1) D:4
   Lair: D:8-11         Orc: D:9-12

Altars:
Dithmenos
Elyvilon
Fedhas
Gozag
Hepliaklqana
Makhleb
Okawaru
Qazlal
Uskayaw
Wu Jian
Xom

Annotations:
D:8 Joseph


Innate Abilities, Weirdness & Mutations

You are too large for most types of armour.
You have claws for hands.
Your natural rate of healing is unusually fast.
You are covered in fur. (AC +1)
You have tough skin. (AC +1)


Message History

Joseph is lightly wounded.
The +2 spectral quarterstaff hits you!
The +2 spectral quarterstaff hits you but does no damage.
Joseph zaps a wand.
Your will is overpowered!
You are confused.
You miss Joseph.
Joseph is lightly wounded.
You claw Joseph!
Joseph is lightly wounded.
The +2 spectral quarterstaff disappears.
Joseph zaps a wand.
You easily resist.
You bump into the rock wall.
Joseph hits you with a +2 spectral quarterstaff!
The +2 spectral quarterstaff hits you!
A +2 spectral quarterstaff comes into view.
You bump into the rock wall.
The +2 spectral quarterstaff closely misses you.
Joseph zaps a wand.
Your will is overpowered!
You are more confused.
The +2 spectral quarterstaff hits you!
You bump into the rock wall.
The +2 spectral quarterstaff hits you! x2
The +2 spectral quarterstaff disappears.
Joseph zaps a wand.
You easily resist.
The now-empty wand crumbles to dust.
You barely miss Joseph.
Joseph is lightly wounded.
Joseph closely misses you.
The +2 spectral quarterstaff closely misses you.
A +2 spectral quarterstaff comes into view.
You bump into the rock wall.
The +2 spectral quarterstaff hits you!
Joseph hits you with a +2 spectral quarterstaff.
The +2 spectral quarterstaff hits you!
* * * LOW HITPOINT WARNING * * *
The +2 spectral quarterstaff closely misses you.
You bump into the rock wall.
The +2 spectral quarterstaff hits you.
* * * LOW HITPOINT WARNING * * *
Joseph hits you with a +2 spectral quarterstaff!!
* * * LOW HITPOINT WARNING * * *
The +2 spectral quarterstaff barely misses you.
The +2 spectral quarterstaff hits you!
You die...

#.##...............#####......##.
..###...########@....# #.##.#.##.
### #..## #.....# #.##.#.### #..#
#.....# #.##.#.## #####..# #.....#
#.##....# .......## #.....#
#.####..# #####...## ###.### #.#
#..# ##.....## ###.# #.####..#
##.......## ##@#.# #.......##
##.........####.(@.##########...#
)).........'....)................
##)........####...รท#######..#...#
##.......## ##[#.# #..##..#
##.....## ###.# #..##..# ##...##
#.# #..##..# ##'## #.# #..###.#
##.######## #.# #..###.#


You could see Joseph and a +2 spectral quarterstaff.

Vanquished Creatures
  Sigmund (D:3)
  A wraith (D:9)
  3 yaks
  2 steam dragons
  3 water moccasins
  A black bear (D:4)
  2 orc warriors
  A sky beast (D:7)
  A centaur (D:8)
  2 ogres (D:4)
  3 bullfrogs
  A gnoll sergeant (D:8)
  7 scorpions
  9 wights (D:8)
  2 howler monkeys
  2 orc priests (D:7)
  2 hounds (D:5)
  3 jellies
  Crazy Yiuf (D:5)
  4 sleepcaps
  6 iguanas
  10 orc wizards
  12 adders
  15 gnolls
  A shadow imp (D:8)
  4 white imps
  An ufetubus (D:4)
  A worm (D:3)
  3 dart slugs
  33 orcs
  6 bats
  8 endoplasms
  A giant cockroach (D:3)
  8 goblins
  16 hobgoblins
  13 jackals
  4 quokkas
  10 ball pythons
  2 frilled lizards
  6 kobolds
  4 rats
215 creatures vanquished.

Notes
Turn   | Place    | Note
-------+----------+-------------------------------------------
     0 | D:1      | MrIGI the Troll Fighter began the quest for the Orb.
     0 | D:1      | Reached XP level 1. HP: 22/22 MP: 0/0
   151 | D:1      | Reached XP level 2. HP: 29/29 MP: 1/1
   677 | D:2      | Reached XP level 3. HP: 36/36 MP: 2/2
   736 | D:2      | Reached skill level 3 in Unarmed Combat
   893 | D:2      | Found a white marble altar of Elyvilon.
   911 | D:2      | Reached XP level 4. HP: 44/44 MP: 3/3
   954 | D:2      | Became a worshipper of Elyvilon the Healer
  1319 | D:3      | Noticed Sigmund
  1377 | D:4      | Reached * piety under Elyvilon
  1392 | D:4      | Noticed a black bear
  1440 | D:4      | Reached XP level 5. HP: 53/53 MP: 4/4
  1447 | D:4      | Noticed an ogre
  1705 | D:3      | Killed Sigmund
  1706 | D:3      | Reached skill level 4 in Unarmed Combat
  1706 | D:3      | Reached XP level 6. HP: 61/61 MP: 5/5
  1876 | D:3      | Found a faded altar of an unknown god.
  2088 | D:4      | Reached skill level 5 in Unarmed Combat
  2088 | D:4      | Reached XP level 7. HP: 44/68 MP: 6/6
  2242 | D:4      | Reached ** piety under Elyvilon
  2380 | D:4      | Found a staircase to the Ecumenical Temple.
  2387 | Temple   | Entered the Ecumenical Temple
  2392 | Temple   | Fell from the grace of Elyvilon
  2392 | Temple   | Became a worshipper of the Wu Jian Council
  2612 | D:4      | Reached skill level 1 in Throwing
  2921 | D:5      | Entered Level 5 of the Dungeon
  3080 | D:5      | Found a stormy altar of Qazlal.
  3085 | D:5      | Found a blossoming altar of Fedhas.
  3099 | D:5      | Reached XP level 8. HP: 68/78 MP: 7/7
  3138 | D:5      | Reached skill level 6 in Unarmed Combat
  3217 | D:5      | Found a shimmering altar of Xom.
  3378 | D:5      | Reached skill level 5 in Shields
  3517 | D:5      | Reached * piety under Wu Jian
  3882 | D:5      | Found a runed translucent door.
  3883 | D:5      | Noticed Crazy Yiuf
  3893 | D:5      | Killed Crazy Yiuf
  4013 | D:6      | Reached skill level 7 in Unarmed Combat
  4381 | D:6      | Reached XP level 9. HP: 85/85 MP: 8/8
  5225 | D:7      | Reached skill level 5 in Fighting
  5415 | D:7      | Reached skill level 5 in Dodging
  5511 | D:8      | Reached ** piety under Wu Jian
  5528 | D:8      | Reached skill level 8 in Unarmed Combat
  5630 | D:8      | Noticed Joseph
  6423 | D:8      | Reached XP level 10. HP: 96/96 MP: 9/9
  6973 | D:8      | Slain by a +2 spectral quarterstaff

Illustrated notes

Levels and vault maps discovered:
D:1:      giann_wishing_wells, layout_rooms, serial_forest,
          infiniplex_forest_clump_diagonal, infiniplex_forest_straight_4,
          infiniplex_forest_3_way, infiniplex_forest_end_1,
          infiniplex_forest_lined_3, infiniplex_forest_end_1,
          infiniplex_forest_diagonal, infiniplex_forest_pool
D:2:      layout_basic, basic_altar, kennysheep_generic_room_11
D:3:      layout_basic, dreamdust_ecumenical_altar_grove, minivault_24,
          serial_bayou_pond_b, eino_tiny_chamber, uniq_sigmund
D:4:      minmay_clustersquares, layout_loops_corners, minmay_temple_entry_tees
D:5:      layout_loops_ring, grunt_temple_overflow_forces_of_nature, tgw_xom,
          uniq_crazy_yiuf_cottage
D:6:      layout_basic, st_stairs_10
D:7:      layout_rooms, serial_curves, eino_curves_04, eino_curves_02
D:8:      layout_loops_corners, uniq_joseph
D:9:      layout_long_grid, ebering_dispersal_statue_hall
Temple:   compressed_dpeg_triangle_lava_temple

Skill      XL: |  1  2  3  4  5  6  7  8  9 |
---------------+----------------------------+-----
Shields        | 3 4 5 7 |  7.2
Unarmed Combat | 3 4 5 7 8 |  8.6
Dodging        | 3 4 5 |  5.4
Fighting       | 3 4 5 |  5.5
Throwing       | 1 2 4 |  4.2
Evocations     | |  0.6

Action                     |  1- 3 |  4- 6 |  7- 9 | 10-12 || total
---------------------------+-------+-------+-------+-------++-------
  Melee: Unarmed           |    87 |   136 |   408 |    40 ||   671
Ability: Lunge             |       |       |    20 |     8 ||    28
         Whirlwind         |       |       |    12 |       ||    12
    Use: Scroll            |       |     1 |     5 |     1 ||     7
   Stab: Sleeping          |     1 |       |       |     1 ||     2
 Armour: Robe              |    28 |    52 |    91 |     8 ||   179
  Dodge: Dodged            |    33 |    70 |   116 |    20 ||   239
  Block: Kite shield       |    33 |    51 |   130 |    13 ||   227
